 Dungeon Crawl Stone Soup version 0.24-a0-251-g44e327e (webtiles) character file.

Game seed: 13332218024633709543

146 Borgoz the Cutter (level 5, -2/32 HPs)
             Began as a Kobold Gladiator on Apr 16, 2019.
             Killed from afar by an orc wizard (10 damage)
             ... with a magic dart
             ... on level 4 of the Dungeon.
             The game lasted 00:02:48 (2678 turns).

Borgoz the Cutter (Kobold Gladiator)                Turns: 2678, Time: 00:02:49

Health: -2/32      AC:  4    Str: 13    XL:     5   Next: 53%
Magic:  5/5        EV: 17    Int:  9    God:
Gold:   285        SH:  0    Dex: 16    Spells: 4/4 levels left

rFire    . . .     SeeInvis .   a - +0 rapier
rCold    . . .     Gourm    .   (shield restricted)
rNeg     . . .     Faith    .   b - +0 leather armour
rPois    .         Spirit   .   c - +0 helmet
rElec    .         Reflect  .   (no cloak)
rCorr    .         Harm     .   (no gloves)
MR       .....                  (no boots)
Stlth    ++........             (no amulet)
HPRegen  0.10/turn              (no ring)
MPRegen  0.09/turn              (no ring)

@: invisible
A: small, carnivore
a: no special abilities


You were on level 4 of the Dungeon.
You were very full.

You visited 1 branch of the dungeon, and saw 4 of its levels.

You collected 285 gold pieces.

Inventory:

Hand Weapons
 a - a +0 rapier (weapon)
Missiles
 d - 3 throwing nets (quivered)
Armour
 b - a +0 leather armour (worn)
 c - a +0 helmet (worn)
Scrolls
 e - 2 scrolls of magic mapping {unknown}
 h - a scroll of immolation {unknown}
 l - a scroll of noise {unknown}
 m - 3 scrolls of identify {unknown}
 n - a scroll of enchant armour {unknown}
Potions
 g - a potion of mutation {unknown}
 i - a potion of heal wounds {unknown}
 j - a potion of invisibility
 k - 2 potions of magic
 o - a potion of curing {unknown}
Comestibles
 f - 7 rations


   Skills:
 + Level 3.3 Fighting
 + Level 4.9 Short Blades
 - Level 2.1 Throwing
 + Level 1.4 Armour
 + Level 4.5 Dodging
 + Level 2.9 Stealth


You had 4 spell levels left.
You didn't know any spells.
Your spell library was empty.

Dungeon Overview and Level Annotations

Branches:
Dungeon (4/15)
 Temple: D:4-7

Altars:
Elyvilon
Hepliaklqana
Nemelex Xobeh
Qazlal

Annotations:
D:3 2 transporters, Ereth's ghost, amateur HOFi


Innate Abilities, Weirdness & Mutations

You are small and have problems with some larger weapons.
You are carnivorous and can eat meat at any time.


Message History

You hear some strange, mumbled words.
Something hits you.
You completely miss something. Something hits you but does no damage.
You miss something. Something hits you.
You puncture something!
You hear some strange, mumbled words.
A puff of flame appears from out of thin air!
The puff of flame hits you!
You puncture something! Something hits you.
You closely miss something. Something hits you.
You closely miss something. Something hits you.
* * * LOW HITPOINT WARNING * * *
It was a potion of magic.
Magic courses through your body. Something misses you.
It was a potion of invisibility.
You fade into invisibility!
You hear some strange, mumbled words.
A magic dart appears from out of thin air!
The magic dart hits you!
You die...

%...... #.. .......
#####.. .......
#.......# .......
...(....# .......
........# ...)...
##.#.......####oo....(
......#.........@{{o.#
...............#######
..............<#
....#.........##
..............#
...........#.##
......#..)...###
......##.......#
....#....#.>##.#


You could see 3 orcs.

Vanquished Creatures
  An iguana (D:4)
  A hound skeleton (D:3)
  3 adders
  An ooze (D:4)
  A worm (D:2)
  4 dart slugs
  2 leopard geckos
  2 orcs (D:3)
  A ball python (D:1)
  6 bats
  4 giant cockroaches
  9 goblins
  6 hobgoblins
  A jackal (D:3)
  5 kobolds
  A quokka (D:3)
  3 frilled lizards
  9 rats
60 creatures vanquished.

Notes
Turn   | Place    | Note
-------+----------+-------------------------------------------
     0 | D:1      | Borgoz the Kobold Gladiator began the quest for the Orb.
     0 | D:1      | Reached XP level 1. HP: 12/12 MP: 1/1
    65 | D:1      | Reached XP level 2. HP: 17/18 MP: 2/2
    72 | D:1      | Reached skill level 1 in Stealth
   151 | D:1      | Reached XP level 3. HP: 21/22 MP: 3/3
  1013 | D:2      | Found a sparkling altar of Nemelex Xobeh.
  1038 | D:2      | Found a stormy altar of Qazlal.
  1045 | D:2      | Found a white marble altar of Elyvilon.
  1064 | D:2      | Found a hazy altar of Hepliaklqana.
  1173 | D:2      | Reached XP level 4. HP: 27/27 MP: 4/4
  1631 | D:2      | Reached skill level 1 in Armour
  1947 | D:3      | Reached XP level 5. HP: 32/32 MP: 5/5
  1948 | D:3      | Noticed Ereth's ghost (amateur HOFi)
  1953 | D:3      | Found a transporter.
  1970 | D:3      | Found a transporter.
  2678 | D:4      | Killed from afar by an orc wizard

Levels and vault maps discovered:
D:1:      wander_arrival_fairy_ring, layout_basic
D:2:      layout_basic, nicolae_overflow_quartered_altars
D:3:      wander_river, layout_rooms, gammafunk_ghost_stat_death, st_stairs_13
D:4:      layout_rooms, first_ration

Skill      XL: |  1  2  3  4 |
---------------+-------------+-----
Stealth        | 1 2 |  2.9
Dodging        | 4 |  4.5
Armour         | 1 |  1.4
Fighting       | 3 |  3.3
Short Blades   | |  4.9
Throwing       | |  2.1

Action                   |  1- 3 |  4- 6 || total
-------------------------+-------+-------++-------
Melee: Rapier            |    77 |    99 ||   176
Throw: Throwing net      |       |     1 ||     1
  Use: Potion            |       |     2 ||     2
 Stab: Sleeping          |     2 |     7 ||     9
       Held in net/web   |       |     2 ||     2
  Eat: Chunk             |     5 |     8 ||    13
Armor: Leather armour    |    10 |     8 ||    18
Dodge: Dodged            |    73 |    53 ||   126

Table legend:
 A = Non-vault XP
 B = Vault XP
 C = Vault XP percentage of total XP
 D = Non-vault monster count
 E = Vault monster count
 F = Vault count percentage of total count
                 A         B        C        D         E       F
            +---------+---------+-------+---------+---------+-------
      Total |     207 |       2 |   1.0 |      59 |       1 |   1.7
            +---------+---------+-------+---------+---------+-------
        D:1 |      40 |       0 |   0.0 |      21 |       0 |   0.0
        D:2 |      49 |       0 |   0.0 |      18 |       0 |   0.0
        D:3 |      57 |       2 |   3.4 |      15 |       1 |   6.2
        D:4 |      61 |       0 |   0.0 |       5 |       0 |   0.0
            +---------+---------+-------+---------+---------+-------
